 Dungeon Crawl Stone Soup version 0.29.0-4-gdea44cf6ec (webtiles) character file.

Game seed: 3239111882695804009

171 qw the Chopper (level 5, -2/30 HPs)
             Began as a Tengu Warper on Aug 28, 2022.
             Slain by a kobold
             ... wielding a +0 flail
              (4 damage)
             ... on level 4 of the Dungeon.
             The game lasted 00:00:16 (2867 turns).

qw the Chopper (Tengu Warper)                       Turns: 2867, Time: 00:00:16

Health: -2/30      AC:  9    Str: 13    XL:     5   Next: 51%
Magic:  9/9        EV:  7    Int: 14    God:
Gold:   173        SH:  0    Dex: 13    Spells: 8/8 levels left

rFire   . . .      SeeInvis .   Y - +0 hand axe
rCold   . . .      Faith    .   (no shield)
rNeg    . . .      Spirit   .   g - +0 chain mail
rPois   .          Reflect  .   (helmet restricted)
rElec   .          Harm     .   c - +0 cloak
rCorr   .          Rampage  .   (no gloves)
Will    .....                   (boots unavailable)
Stlth   ..........              (no amulet)
HPRegen 0.10/turn               (no ring)
MPRegen 0.11/turn               (no ring)

@: lethally poisoned (-2 -> -7), about to teleport, flying quickly and
evasively, quick
A: beak, talons 3, nimble flight
a: no special abilities


You were on level 4 of the Dungeon.
You visited 1 branch of the dungeon, and saw 4 of its levels.

You collected 173 gold pieces.


Innate Abilities, Weirdness & Mutations

You have a beak for a mouth.
You have claws for feet.
Your magical nature lets you fly swiftly and evasively.


   Skills:
 - Level 2.0 Fighting
 + Level 5.8 Axes
 - Level 1.0 Throwing
 - Level 2.0 Armour
 - Level 2.1 Dodging
 - Level 2.0 Spellcasting
 - Level 2.4 Translocations


You had 8 spell levels left.
You didn't know any spells.
Your spell library contained the following spells:

 Spells                   Type           Power      Damage    Failure   Level
 Blink                    Tloc           16%        N/A       99%         2
 Gell's Gravitas          Tloc           8%         N/A       100%        3
 Lesser Beckoning         Tloc           8%         N/A       100%        3
 Teleport Other           Tloc           8%         N/A       100%        3
 Manifold Assault         Tloc           8%         N/A       100%        5

Inventory:

Hand Weapons
 b - a +0 vampiric whip
 Y - a +0 hand axe (weapon)
Missiles
 k - 3 boomerangs (quivered)
Armour
 c - a +0 cloak (worn)
 g - a +0 chain mail (worn)
 m - a +2 chain mail of cold resistance
Scrolls
 a - a scroll of identify
 i - 2 scrolls of teleportation
 l - 2 scrolls of amnesia {unknown}
Potions
 d - a potion of resistance
 e - a potion of haste {unknown}
 f - a potion of lignification {unknown}
 h - a potion of curing {unknown}
 j - a potion of attraction {unknown}

Dungeon Overview and Level Annotations

Branches:
Dungeon (3/15)

Altars:
Xom
Zin


Message History

You hit the gnoll.
The gnoll hits you from afar with a +0 spear.
The gnoll hits you but does no damage. x2
You hit the gnoll.
You kill the gnoll!
You hit the gnoll.
The gnoll barely misses you. x2; The gnoll hits you but does no damage.
You hit the gnoll.
The gnoll is severely wounded.
You hit the adder. The adder bites you but does no damage.
The gnoll hits you but does no damage. The gnoll barely misses you.
The gnoll hits you from afar with a +0 spear.
The adder barely misses you.
You hit the gnoll. You peck the gnoll.
You kill the gnoll!
You barely miss the adder. The gnoll hits you but does no damage.
The gnoll hits you from afar with a +0 spear.
The adder bites you but does no damage.
You miss the adder. Your kick misses the adder. Your peck misses the adder.
The adder is moderately wounded.
You barely miss the kobold. The adder closely misses you.
The gnoll hits you from afar with a +0 spear. x2
The kobold hits you with a +0 flail.
You miss the adder. Your kick misses the adder.
The adder is moderately wounded.
You barely miss the kobold. The adder bites you.
You are poisoned.
The adder poisons you!
The gnoll hits you from afar with a +0 spear. x2
The kobold hits you with a +0 flail. The adder barely misses you.
2867 ||| READING 3 scrolls of teleportation.
As you read the scroll of teleportation, it crumbles to dust.
You feel strangely unstable.
You feel sick.
The gnoll hits you but does no damage. x2
The kobold hits you with a +0 flail.
You die...

#.# #. #.#
#.######.######### #
###.#..............##
..
.......###)#.........
..###......).#.#####.#.
# .g......#.###.# #.#.
.g.#.###.#.## #.#
###)#. #.K...#@(.## #.#
#...#. #gKS.## #.#
#.###. #g#.+# #.# #.#
#. #.... #.###.###.
.....#. #.........
#.##..... ####..####
#.. #.## .. ####...####
.. .. .#.+.......... #.
..####...#.##


You could see 2 gnolls, an adder and a kobold.

Vanquished Creatures
  An orc priest (D:4)
  2 gnolls (D:4)
  6 adders
  A worm (D:2)
  7 orcs
  8 endoplasms
  6 giant cockroaches
  2 goblins
  4 hobgoblins
  3 jackals (D:1)
  5 kobolds
  2 quokkas (D:2)
  5 ball pythons
  3 frilled lizards
  3 rats
58 creatures vanquished.

Vanquished Creatures (others)
  An angel (D:3)
1 creature vanquished.

Grand Total: 59 creatures vanquished

Notes
Turn   | Place    | Note
-------+----------+-------------------------------------------
     0 | D:1      | qw the Tengu Warper began the quest for the Orb.
     0 | D:1      | Reached XP level 1. HP: 12/12 MP: 4/4
     0 | D:1      | 0 ||| qw: Version: 0.1-a-89-g26bdef1
     0 | D:1      | 0 ||| qw: Game counter: 118
     0 | D:1      | 0 ||| qw: Always use a shield: true
     0 | D:1      | 0 ||| qw: God list: Okawaru
     0 | D:1      | 0 ||| qw: Allow faded altars: false
     0 | D:1      | 0 ||| qw: Do Orc after D:15 true
     0 | D:1      | 0 ||| qw: Do second Lair branch before Depths: true
     0 | D:1      | 0 ||| qw: Lair rune preference: random
     0 | D:1      | 0 ||| qw: Plans: Normal
     0 | D:1      | 0 ||| PLANNING D:1-11
   194 | D:1      | Reached skill level 3 in Axes
   194 | D:1      | Reached XP level 2. HP: 17/17 MP: 6/6
   279 | D:1      | 279 ||| Stepping ~*~*~tactically~*~*~ (stealth).
   284 | D:1      | 284 ||| Stepping ~*~*~tactically~*~*~ (stealth).
   286 | D:1      | 286 ||| Stepping ~*~*~tactically~*~*~ (stealth).
   287 | D:1      | 287 ||| Stepping ~*~*~tactically~*~*~ (stealth).
   288 | D:1      | 288 ||| Stepping ~*~*~tactically~*~*~ (stealth).
   294 | D:1      | 294 ||| Stepping ~*~*~tactically~*~*~ (stealth).
   674 | D:1      | 674 ||| UPGRADING to +0 scale mail.
   684 | D:1      | 684 ||| DROPPING +0 leather armour.
   685 | D:1      | 685 ||| READING 3 scrolls labelled SOGIGI NOJETAPP.
   686 | D:1      | 686 ||| READING scroll labelled KOUPIRRO EKHLA.
   689 | D:1      | 689 ||| READING scroll labelled HISAOSM FOOMAE.
   690 | D:1      | 690 ||| READING scroll labelled MAZOXZ ATEREUZUTE.
   691 | D:1      | 691 ||| READING 2 scrolls of identify.
   691 | D:1      | 691 ||| IDENTIFYING fuming ruby potion
   692 | D:1      | 692 ||| DROPPING scroll of blinking.
   693 | D:1      | 693 ||| DROPPING potion of brilliance.
   832 | D:2      | 832 ||| Stepping ~*~*~tactically~*~*~ (stealth).
  1028 | D:2      | 1028 ||| DROPPING +0 whip.
  1061 | D:2      | 1061 ||| Stepping ~*~*~tactically~*~*~ (stealth).
  1136 | D:2      | Reached XP level 3. HP: 20/21 MP: 7/7
  1370 | D:2      | Reached skill level 4 in Axes
  1385 | D:2      | Found a shimmering altar of Xom.
  1471 | D:2      | 1471 ||| Stepping ~*~*~tactically~*~*~ (stealth).
  1474 | D:2      | 1474 ||| Stepping ~*~*~tactically~*~*~ (stealth).
  1762 | D:2      | Reached XP level 4. HP: 26/26 MP: 8/8
  2185 | D:2      | 2185 ||| UPGRADING to +0 cloak.
  2190 | D:2      | 2190 ||| UPGRADING to +0 chain mail.
  2200 | D:2      | 2200 ||| DROPPING +0 scale mail.
  2201 | D:2      | 2201 ||| READING 2 scrolls labelled LIASMEODOD.
  2202 | D:2      | 2202 ||| READING 2 scrolls of identify.
  2202 | D:2      | 2202 ||| IDENTIFYING murky brown potion
  2203 | D:2      | 2203 ||| DROPPING scroll of fog.
  2317 | D:3      | Reached skill level 5 in Axes
  2325 | D:3      | Noticed an angel
  2329 | D:3      | Found a shimmering altar of Xom.
  2332 | D:3      | 2332 ||| DROPPING amulet of faith.
  2338 | D:3      | Found a glowing silver altar of Zin.
  2610 | D:3      | 2610 ||| Stepping ~*~*~tactically~*~*~ (stealth).
  2682 | D:3      | Killed an angel
  2732 | D:3      | You fall into a shaft and drop 1 floor!
  2793 | D:4      | 2793 ||| Stepping ~*~*~tactically~*~*~ (hiding).
  2794 | D:4      | 2794 ||| Stepping ~*~*~tactically~*~*~ (hiding).
  2795 | D:4      | 2795 ||| Stepping ~*~*~tactically~*~*~ (hiding).
  2796 | D:4      | 2796 ||| Stepping ~*~*~tactically~*~*~ (hiding).
  2806 | D:4      | Gained mutation: Your magical nature lets you fly swiftly
                  | and evasively. [Tengu growth]
  2806 | D:4      | Reached XP level 5. HP: 28/30 MP: 9/9
  2852 | D:4      | 2852 ||| Stepping ~*~*~tactically~*~*~ (stealth).
  2854 | D:4      | 2854 ||| Stepping ~*~*~tactically~*~*~ (stealth).
  2855 | D:4      | 2855 ||| Stepping ~*~*~tactically~*~*~ (hiding).
  2856 | D:4      | 2856 ||| Stepping ~*~*~tactically~*~*~ (hiding).
  2866 | D:4      | HP: 6/30 [gnoll/+0 spear (2)]
  2867 | D:4      | 2867 ||| READING 3 scrolls of teleportation.
  2867 | D:4      | HP: 2/30 [poisoned by an adder]
  2867 | D:4      | Slain by a kobold

Levels and vault maps discovered:
D:1:      dpeg_arrival_boxes_within_box, layout_basic
D:2:      layout_basic, basic_altar, roderic_st_hans_cross,
          uniq_crazy_yiuf_cottage
D:3:      layout_loops_corners, grunt_temple_overflow_order_and_chaos_1,
          shapermc_ecumenical_altar_totnotflames
D:4:      layout_loops_corners, minmay_temple_entry_tees, grunt_ministairs_6,
          minmay_fractal_squares_5, uniq_natasha, uniq_edmund

Skill      XL: |  1  2  3  4 |
---------------+-------------+-----
Axes           | 3 4 5 |  5.8
Armour         | 2 |  2.0
Fighting       | |  2.0
Throwing       | |  1.0
Dodging        | |  2.1
Spellcasting   | |  2.0
Translocations | |  2.4

Action                   |  1- 3 |  4- 6 || total
-------------------------+-------+-------++-------
Melee: Hand axe          |    85 |    76 ||   161
       Kick              |    18 |    18 ||    36
       Peck              |    10 |     9 ||    19
       Punch             |     1 |     1 ||     2
Throw: Boomerang         |     7 |     1 ||     8
  Use: Scroll            |     5 |     3 ||     8
Armor: Leather armour    |     4 |       ||     4
       Scale mail        |    18 |     1 ||    19
       Chain mail        |       |    39 ||    39
Dodge: Dodged            |    37 |    32 ||    69

Table legend:
 A = Non-vault XP
 B = Vault XP
 C = Vault XP percentage of total XP
 D = Non-vault monster count
 E = Vault monster count
 F = Vault count percentage of total count
                 A         B        C        D         E       F
            +---------+---------+-------+---------+---------+-------
      Total |     243 |       2 |   0.8 |      57 |       1 |   1.7
            +---------+---------+-------+---------+---------+-------
        D:1 |      20 |       0 |   0.0 |      11 |       0 |   0.0
        D:2 |      87 |       0 |   0.0 |      23 |       0 |   0.0
        D:3 |      30 |       0 |   0.0 |      11 |       0 |   0.0
        D:4 |     106 |       2 |   1.9 |      12 |       1 |   7.7
            +---------+---------+-------+---------+---------+-------
